 Dungeon Crawl Stone Soup version 0.29.1-15-g9cfb28693d (webtiles) character file.

Game seed: 7154914877301229722

2833315 firemarshallily the Conqueror (level 27, 273/273 HPs)
             Began as a Minotaur Fighter on Mar 20, 2023.
             Was the Champion of Lugonu.
             Escaped with the Orb
             ... and 5 runes on Apr 12, 2023!
             The game lasted 05:35:29 (82891 turns).

firemarshallily the Conqueror (Minotaur Fighter)   Turns: 82891, Time: 05:35:29

Health: 273/273    AC: 43    Str: 38 (40) XL:     27
Magic:  33/33      EV: 24    Int:  3 (6)  God:    Lugonu [******]
Gold:   6038       SH: 23    Dex: 19 (20) Spells: 26/26 levels left

rFire   + + +      SeeInvis .   a - +9 war axe (distort)
rCold   + + +      Faith    .   X - +2 shield of Resistance {rF++ rC++ Will++}
rNeg    + . .      Spirit   .   g - +10 plate armour {Will+}
rPois   +          Reflect  +   Z - -2 hat of the Alchemist {rElec rPois rF+ rC+ rN+ Will+ rMut rCorr}
rElec   +          Harm     .   V - +2 cloak of Activism {Dex+3}
rCorr   +          Rampage  .   y - +2 pair of gloves {Stlth+}
rMut    +                       p - +3 pair of mountain boots {steadfast, rC+}
Will    +++++                   w - amulet of reflection
Stlth   ..........              s - ring "Deguriwn" {rPois Str+7}
HPRegen 0.55/turn               j - ring of Bar Bolaph {rElec rF+ Str+4}
MPRegen 0.23/turn

@: studying 4 skills
A: horns 2, retaliatory headbutt, agile 1, wild magic 1
0: Orb of Zot
}: 5/15 runes: serpentine, barnacled, slimy, silver, abyssal
a: Renounce Religion, Depart the Abyss, Bend Space, Banish, Corrupt, Enter the
Abyss


You escaped.
You worshipped Lugonu.
Lugonu was exalted by your worship.
You visited 13 branches of the dungeon, and saw 57 of its levels.
You visited the Abyss 2 times.
You visited 1 bazaar.
You also visited: Trove, Gauntlet, Ice Cave, Volcano and Wizlab.

You collected 10532 gold pieces.
You spent 4494 gold pieces at shops.

Inventory:

Hand Weapons
 a - a +9 war axe of distortion (weapon)
 F - the +9 war axe of Noog {flame, Drain rPois rN+ Str+7}
   (You found it on level 5 of the Vaults)

   It burns those it strikes, dealing additional fire damage.
   Big, fiery blades are also staple armaments of hydra-hunters.
   Str:       It affects your strength (+7).
   rPois:     It protects you from poison.
   rN:        It protects you from negative energy.
   Drain:     It drains your maximum health when unequipped.
 T - the +1 broad axe "Rode" {speed, rF- rN+++ Str+4 Dex+2}
   (You found it in a treasure trove)

   Attacks with this weapon are significantly faster.
   Str:       It affects your strength (+4).
   Dex:       It affects your dexterity (+2).
   rF:        It makes you vulnerable to fire.
   rN:        It renders you almost immune to negative energy.
Missiles
 c - 11 datura-tipped darts
 e - 13 javelins
 n - 13 curare-tipped darts
 q - 7 throwing nets
 t - 9 atropa-tipped darts
 u - 70 poisoned darts
 C - 2 boomerangs of dispersal
 H - 9 silver javelins
 K - 9 boomerangs (quivered)
 W - 3 silver boomerangs
Armour
 g - a +10 plate armour of willpower (worn)
 m - the +3 ring mail of Aketimem {+Inv rF+ Will+}
   (You found it on level 2 of the Lair of Beasts)

   rF:        It protects you from fire.
   +Inv:      It lets you turn invisible.
   Will:      It increases your willpower.
 p - the +3 pair of mountain boots (worn) {steadfast, rC+}
   (You acquired it on level 4 of the Dungeon)

   It prevents involuntary movement, except for blinking, teleportation, or
   banishment.
   rC:        It protects you from cold.
 y - a +2 pair of gloves of stealth (worn)
 E - the +1 hat "Impu" {Rampage}
   (You found it in a Gauntlet)

   Rampage:   It bestows one free step when moving towards enemies.
 O - a +5 plate armour of poison resistance
 V - the +2 cloak of Activism (worn) {Dex+3}
   (You found it on level 10 of the Dungeon)

   Dex:       It affects your dexterity (+3).
 X - the +2 shield of Resistance (worn) {rF++ rC++ Will++}
   (You acquired it on level 4 of the Lair of Beasts)

   rF:        It greatly protects you from fire.
   rC:        It greatly protects you from cold.
   Will:      It greatly increases your willpower.
 Z - the -2 hat of the Alchemist (worn) {rElec rPois rF+ rC+ rN+ Will+ rMut rCorr}
   (You found it on level 2 of the Depths)

   rF:        It protects you from fire.
   rC:        It protects you from cold.
   rElec:     It insulates you from electricity.
   rPois:     It protects you from poison.
   rN:        It protects you from negative energy.
   rCorr:     It protects you from acid and corrosion.
   rMut:      It protects you from mutation.
   Will:      It increases your willpower.
Jewellery
 h - the dreamshard necklace {*Dream Drain}
   (You found it on level 5 of the Pits of Slime)

   [amulet of nothing]

   It shatters if its wearer takes lethal or near-lethal damage, preventing the
   blow and releasing protective dreams that heal and fight for the wearer.
   Drain:     It drains your maximum health when unequipped.
 j - the ring of Bar Bolaph (right hand) {rElec rF+ Str+4}
   (You acquired it on level 4 of the Dungeon)

   [ring of protection from fire]

   Str:       It affects your strength (+4).
   rF:        It protects you from fire.
   rElec:     It insulates you from electricity.
 s - the ring "Deguriwn" (left hand) {rPois Str+7}
   (You found it on level 11 of the Dungeon)

   [ring of poison resistance]

   Str:       It affects your strength (+7).
   rPois:     It protects you from poison.
 v - the ring of Greed {rPois rF+ Slay-2 SInv}
   (You found it in a treasure trove)

   [ring of see invisible]

   Slay:      It affects your accuracy & damage with ranged weapons and melee
   (-2).
   rF:        It protects you from fire.
   rPois:     It protects you from poison.
   SInv:      It lets you see invisible.
 w - an amulet of reflection (around neck)
 z - a ring of flight
 N - the ring "Caudoi" {Wiz SInv}
   (You found it on level 4 of the Shoals)

   [ring of wizardry]

   It improves your spell success rate.
   SInv:      It lets you see invisible.
Wands
 b - a wand of paralysis (35)
 I - a wand of roots (74)
 Y - a wand of digging (5)
Scrolls
 k - 11 scrolls of poison
 o - 15 scrolls of fog
 B - 6 scrolls of magic mapping
 D - 18 scrolls of teleportation
 G - 5 scrolls of blinking
 M - 6 scrolls of immolation
 S - 9 scrolls of fear
 U - a scroll of summoning
Potions
 d - 13 potions of might
 f - 28 potions of curing
 i - 10 potions of mutation
 l - 5 potions of resistance
 r - 11 potions of invisibility
 x - 7 potions of magic
 A - a potion of haste
 J - 5 potions of berserk rage
 L - 6 potions of heal wounds
 Q - 11 potions of lignification
 R - 10 potions of cancellation
Miscellaneous
 P - a box of beasts


   Skills:
 O Level 27 Fighting
 - Level 16.0 Axes
 + Level 25.8 Throwing
 O Level 27 Armour
 + Level 24.2 Dodging
 - Level 20.3 Shields
 - Level 15.0 Invocations


You had 26 spell levels left.
You didn't know any spells.
Your spell library contained the following spells:

 Spells                   Type           Power      Damage    Failure   Level
 Apportation              Tloc           0%         N/A       92%         1
 Beastly Appendage        Tmut           0%         N/A       92%         1
 Foxfire                  Conj/Fire      0%         2x1d4     92%         1
 Freeze                   Ice            0%         1d3       92%         1
 Magic Dart               Conj           0%         1d3       92%         1
 Necrotise                Necr           0%         1d4       92%         1
 Sandblast                Erth           0%         2d4       92%         1
 Shock                    Conj/Air       0%         1d3       92%         1
 Slow                     Hex            0%         N/A       92%         1
 Sting                    Tmut/Pois      0%         1d3       92%         1
 Summon Small Mammal      Summ           0%         N/A       92%         1
 Blink                    Tloc           0%         N/A       98%         2
 Call Imp                 Summ           0%         N/A       98%         2
 Ensorcelled Hibernation  Hex/Ice        0%         N/A       98%         2
 Passwall                 Tmut/Erth      0%         N/A       98%         2
 Poisonous Vapours        Pois/Air       0%         N/A       98%         2
 Searing Ray              Conj           0%         2d4       98%         2
 Static Discharge         Conj/Air       0%         3-3/arc   98%         2
 Sublimation of Blood     Necr           0%         N/A       98%         2
 Wereblood                Tmut           0%         N/A       98%         2
 Call Canine Familiar     Summ           0%         N/A       100%        3
 Confusing Touch          Hex            0%         N/A       100%        3
 Conjure Flame            Conj/Fire      0%         6-21      100%        3
 Frozen Ramparts          Ice            0%         1d1       100%        3
 Gell's Gravitas          Tloc           0%         N/A       100%        3
 Ignite Poison            Fire/Tmut/Pois 0%         N/A       100%        3
 Inner Flame              Hex/Fire       0%         N/A       100%        3
 Lesser Beckoning         Tloc           0%         N/A       100%        3
 Mephitic Cloud           Conj/Pois/Air  0%         N/A       100%        3
 Ozocubu's Armour         Ice            0%         N/A       100%        3
 Portal Projectile        Hex/Tloc       0%         N/A       100%        3
 Spider Form              Tmut/Pois      0%         N/A       100%        3
 Stone Arrow              Conj/Erth      0%         3d7       100%        3
 Summon Guardian Golem    Hex/Summ       0%         N/A       100%        3
 Swiftness                Air            0%         N/A       100%        3
 Teleport Other           Tloc           0%         N/A       100%        3
 Vampiric Draining        Necr           0%         2d6       100%        3
 Anguish                  Hex/Necr       0%         N/A       100%        4
 Animate Armour           Summ/Erth      0%         N/A       100%        4
 Animate Dead             Necr           0%         N/A       100%        4
 Cause Fear               Hex            0%         N/A       100%        4
 Corpse Rot               Necr/Pois/Air  0%         N/A       100%        4
 Dispel Undead            Necr           0%         3d6       100%        4
 Flame Wave               Conj/Fire      0%         2d4       100%        4
 Fulminant Prism          Conj/Hex       0%         3d6       100%        4
 Hailstorm                Conj/Ice       0%         3d3       100%        4
 Ice Form                 Ice/Tmut       0%         N/A       100%        4
 Iskenderun's Mystic Bla  Conj/Tloc      0%         2d3       100%        4
 Leda's Liquefaction      Hex/Erth       0%         N/A       100%        4
 Olgreb's Toxic Radiance  Pois           0%         N/A       100%        4
 Petrify                  Tmut/Erth      0%         N/A       100%        4
 Sticky Flame             Conj/Fire      0%         2d3       100%        4
 Summon Ice Beast         Ice/Summ       0%         N/A       100%        4
 Alistair's Intoxication  Tmut/Pois      0%         N/A       100%        5
 Blade Hands              Tmut           0%         N/A       100%        5
 Borgnjor's Vile Clutch   Necr/Erth      0%         N/A       100%        5
 Fireball                 Conj/Fire      0%         3d3       100%        5
 Freezing Cloud           Conj/Ice/Air   0%         6-21      100%        5
 Irradiate                Conj/Tmut      0%         3d11      100%        5
 Lee's Rapid Deconstruct  Erth           0%         3d5*      100%        5
 Manifold Assault         Tloc           0%         N/A       100%        5
 Metabolic Englaciation   Hex/Ice        0%         N/A       100%        5
 Summon Forest            Summ/Tloc      0%         N/A       100%        5
 Summon Mana Viper        Hex/Summ       0%         N/A       100%        5
 Yara's Violent Unravell  Hex/Tmut       0%         3d3       100%        5
 Death Channel            Necr           0%         N/A       100%        6
 Dispersal                Tloc           0%         N/A       100%        6
 Eringya's Noxious Bog    Tmut/Pois      0%         N/A       100%        6
 Iron Shot                Conj/Erth      0%         9d1       100%        6
 Simulacrum               Ice/Necr       0%         N/A       100%        6
 Statue Form              Tmut/Erth      0%         N/A       100%        6
 Summon Cactus Giant      Summ           0%         N/A       100%        6
 Dragon Form              Tmut           0%         N/A       100%        7
 Enfeeble                 Hex            0%         N/A       100%        7
 Malign Gateway           Summ/Tloc      0%         N/A       100%        7
 Monstrous Menagerie      Summ           0%         N/A       100%        7
 Ozocubu's Refrigeration  Ice            0%         4d7       100%        7
 Storm Form               Tmut/Air       0%         N/A       100%        7
 Summon Hydra             Summ           0%         N/A       100%        7
 Borgnjor's Revivificati  Necr           0%         N/A       100%        8
 Disjunction              Tloc           0%         N/A       100%        8
 Ignition                 Fire           0%         3d3       100%        8
 Lehudib's Crystal Spear  Conj/Erth      0%         10d2      100%        8
 Summon Horrible Things   Summ           0%         N/A       100%        8
 Polar Vortex             Ice            0%         N/A       100%        9


Dungeon Overview and Level Annotations

Branches:
Dungeon (15/15)            Temple (1/1) D:7            Lair (5/5) D:11
 Shoals (4/4) Lair:2        Snake (4/4) Lair:3        Slime (5/5) Lair:4
    Orc (2/2) D:9             Elf (3/3) Orc:2        Vaults (5/5) D:14
  Crypt (3/3) Vaults:3       Tomb (1/3) Crypt:3      Depths (4/4) D:15
    Zot (5/5) Depths:4      IceCv (visited)         Volcano (visited)
 WizLab (visited)         Gauntlet (visited)

Altars:
Ashenzari
Cheibriados
Dithmenos
Elyvilon
Fedhas
Gozag
Hepliaklqana
Kikubaaqudgha
Makhleb
Nemelex Xobeh
Okawaru
Qazlal
Ru
Sif Muna
Trog
Uskayaw
Vehumet
Wu Jian
Xom
Yredelemnul
Zin
The Shining One
Jiyva
Lugonu

Shops:
D:10 *   Orc:2 **[*   Shoals:1 ?   Shoals:2 :   Snake:2 [!   Depths:3 =:=

Portals:
Hell: Depths:1 Depths:2 Depths:3 Depths:4
Abyss: Lair:5 Depths:1 Depths:3
Pandemonium: Depths:1 Depths:2
Ziggurat: Depths:2

Annotations:
Tomb:1 corrupted, Boris
Zot:4 corrupted
Abyss:1 nroviw's ghost, legendary KoHu; workbot's ghost, adept MiBe


Innate Abilities, Weirdness & Mutations

You have a pair of horns on your head.
You reflexively headbutt those who attack you in melee.
You are agile. (Dex +4, Str/Int -1)
Your spells are a little harder to cast, but a little more powerful.


Message History

There is a stone staircase leading up here.
You climb upwards.
There is a stone staircase leading down here.
A smoke demon comes into view.
Throw: 9 boomerangs
Press: ? - help, Q - select action, (/) - cycle Shift-Dir - straight line, f - smoke demon
Aim: a smoke demon (80% to hit)
You throw a boomerang.
The boomerang hits the smoke demon but does no damage.
Unknown command.
Throw: 9 boomerangs
Press: ? - help, Q - select action, (/) - cycle Shift-Dir - straight line, f/p - smoke demon
Aim: a smoke demon (80% to hit)
You throw a boomerang. The boomerang hits the smoke demon!!
The smoke demon is severely wounded.
Unknown command.
Throw: 9 boomerangs
Press: ? - help, Q - select action, (/) - cycle Shift-Dir - straight line, f/p - smoke demon
Aim: a smoke demon (severely wounded, 80% to hit)
You throw a boomerang. The boomerang hits the smoke demon!!!!
You kill the smoke demon!
Lugonu accepts your kill.
There is a stone staircase leading down here.
An Orb Guardian comes into view.
You slice the Orb Guardian!!
Space warps around the Orb Guardian.
The Orb Guardian is moderately wounded.
The Orb Guardian hits you but does no damage.
You barely miss the Orb Guardian. You headbutt the Orb Guardian!
The Orb Guardian is moderately wounded.
You block the Orb Guardian's attack.
You barely miss the Orb Guardian.
You headbutt the Orb Guardian, but do no damage.
The Orb Guardian is moderately wounded.
You block the Orb Guardian's attack.
You hit the Orb Guardian.
The Orb Guardian is devoured by a tear in reality.
Lugonu claims a new guest.
There is an open door here.
There is a staircase leading out of the dungeon here.
You have escaped!

### ###@### #.#.#>#
#♣.....♣# #
#~♣...♣≈# ######
#≈~♣.♣~≈# #...##
#≈≈♣.♣≈≈# #...##
##≈♣.♣≈## #....#
###'###########.....
#.####......#...#.


There were no monsters in sight!

Vanquished Creatures
  the Royal Jelly (Slime:5)
  Dissolution (Slime:2)
  A dread lich (Vaults:5)
  An ancient lich (WizLab)
  3 orbs of fire (Zot:5)
  2 juggernauts (Zot:5)
  5 royal mummies (Tomb:1)
  Josephina (Depths:2)
  6 Killer Klowns (Zot:5)
  Margery (Depths:4)
  Bai Suzhen (Shoals:4)
  Vashnia (Snake:4)
  4 curse toes (Zot:3)
  Saint Roka (Vaults:5)
  A caustic shrike (Depths:2)
  10 golden dragons
  Jory (Vaults:3)
  3 electric golems
  A hellephant (D:14)
  2 walking crystal tomes (Depths:3)
  Rupert (Lair:4)
  22 tentacled monstrosities
  7 liches
  6 quicksilver dragons
  18 Orb Guardians (Zot:5)
  18 acid blobs
  3 deep elf master archers (Elf:3)
  A shard shrike skeleton (Crypt:1)
  6 titans
  7 death cobs
  A deep elf blademaster (Elf:3)
  Gastronok (Orc:1)
  3 ancient champions
  7 sphinxes
  Frances (Elf:1)
  12 shadow dragons
  6 nagarajas (Snake:4)
  6 tengu reavers
  3 draconian monks
  7 draconian knights
  6 storm dragons
  11 azure jellies
  3 revenants
  Ilsuiw (Shoals:3)
  8 fire giants
  9 rockslimes
  5 frost giants
  4 deep elf sorcerers (Elf:3)
  10 vault wardens
  2 orc warlords
  The ghost of Zoegat the Severer, a journeyman MiAK of Lugonu (D:12)
  4 draconian scorchers
  2 deep elf elementalists (Elf:3)
  2 ghost moths
  3 draconian shifters
  2 iron dragons
  15 ironbound preservers
  8 war gargoyles
  7 draconian annihilators
  2 ghouls (Crypt:1)
  Aizul (Shoals:1)
  3 draconian stormcallers
  8 ironbound thunderhulks
  A juggernaut skeleton (Crypt:1)
  A reaper (Gauntlet)
  20 stone giants
  20 quicksilver oozes
  8 vampire knights
  A caustic shrike skeleton (Depths:3)
  A spriggan defender (Depths:3)
  21 very ugly things
  An elemental wellspring (Shoals:2)
  8 green draconians
  4 deep elf demonologists (Elf:3)
  10 black draconians
  10 white draconians
  An entropy weaver (Vaults:4)
  A minotaur (Gauntlet)
  5 deep elf annihilators
  10 dire elephants
  Azrael (D:13)
  4 red draconians
  6 yellow draconians
  2 eidola (Crypt:2)
  A blizzard demon (D:6)
  9 purple draconians
  A green death (Abyss:2)
  The ghost of Beryl the Slicer, a journeyman KoFi of Ashenzari (Lair:3)
  10 merfolk impalers
  6 mummy priests (Tomb:1)
  Snorg (D:11)
  7 deep elf death magi
  3 crystal guardians
  A quicksilver dragon zombie (Depths:3)
  5 great orbs of eyes
  5 fire dragons
  2 merfolk javelineers (Shoals:3)
  5 ettins
  9 jiangshi
  23 vault guards
  9 deep elf high priests
  Fannar (D:11)
  12 yaktaur captains
  7 boulder beetles
  6 ice dragons
  A quicksilver dragon skeleton (Depths:3)
  5 rakshasas
  3 ogre magi
  4 merfolk avatars
  3 spriggan air magi (Depths:3)
  4 hydras
  A hell beast (Depths:2)
  2 catoblepae
  9 two-headed ogres
  3 spriggan skeletons
  6 centaur warriors
  5 ironbound frosthearts
  5 merfolk aquamancers (Shoals:4)
  Erica (D:10)
  2 peacekeepers
  A fenstrider witch skeleton (Crypt:3)
  15 anacondas
  2 death knights (D:14)
  An alligator snapping turtle (Shoals:4)
  21 naga warriors
  6 death scarabs
  2 titan zombies
  36 dancing weapons
  6 tengu warriors
  5 death yaks
  11 deep troll shamans
  8 thrashing horrors
  9 deep troll earth magi
  6 vampire magi
  6 orc high priests (Orc:2)
  2 spriggan berserkers
  18 hell knights
  17 naga sharpshooters
  3 shock serpents
  14 deep elf knights
  31 skeletal warriors
  2 entropy weaver zombies (Crypt:1)
  A golden dragon zombie (Depths:3)
  3 wretched stars
  3 iron trolls
  4 salamander mystics
  2 sixfirhies
  A storm dragon skeleton (Tomb:1)
  9 sea snakes
  A spatial maelstrom (Abyss:5)
  A shadow demon (Zot:5)
  47 deep trolls
  A glowing orange brain (Depths:4)
  10 deep elf archers
  9 naga ritualists
  A spriggan simulacrum (Crypt:1)
  2 flayed ghosts
  17 ironbound convokers
  5 wizards
  2 anaconda skeletons
  21 necromancers
  10 lindwurms
  8 mana vipers
  8 orc knights
  8 phantasmal warriors
  A sphinx zombie (Depths:3)
  31 deep elf pyromancers
  25 harpies
  A wolf spider (shapeshifter) (Vaults:5)
  11 salamanders
  22 deep elf zephyrmancers
  7 fauns
  27 ugly things
  4 shining eyes
  An orc sorcerer (D:15)
  20 moths of wrath
  A goliath frog skeleton (Crypt:1)
  A wolf spider (Vaults:5)
  A worldbinder (Abyss:6)
  5 cyclopes
  A shock serpent zombie (Crypt:2)
  9 elephants (Lair:5)
  A stone giant skeleton (Crypt:3)
  9 merfolk sirens
  4 eyes of devastation
  12 manticores
  2 centaur zombies
  A stone giant zombie (Crypt:1)
  10 guardian serpents
  A rust devil (Depths:2)
  A toenail golem (D:5)
  7 apocalypse crabs (Zot:3)
  3 ice statues (IceCv)
  52 black mambas
  14 naga magi
  8 orange demons (D:11)
  15 vault sentinels
  6 water nymphs
  10 cane toads
  5 gargoyles
  A torpor snail (shapeshifter) (Vaults:5)
  A white draconian zombie (Crypt:2)
  4 smoke demons
  Psyche (D:11)
  A rime drake (Lair:3)
  An unseen horror (D:12)
  5 centaur skeletons
  4 dire elephant skeletons
  2 hellions (Zot:1)
  9 komodo dragons
  36 yaktaurs
  3 tengu conjurers
  3 anaconda simulacra (IceCv)
  6 freezing wraiths
  A hellwing (Gauntlet)
  A merfolk (shapeshifter) (Vaults:5)
  A red devil (D:11)
  8 guardian mummies
  3 polar bears
  4 ancient zymes
  A queen bee (Abyss:6)
  24 merfolk
  A tyrant leech (shapeshifter) (Vaults:4)
  2 tengu simulacra
  Prince Ribbit (D:6)
  A hydra skeleton (Crypt:1)
  A shadow dragon simulacrum (Depths:2)
  5 meliai (Abyss:6)
  5 trolls
  3 hornets
  A harpy skeleton (Volcano)
  Grinder (D:5)
  11 large abominations
  4 wind drakes
  2 hornets (shapeshifter)
  A blink frog (shapeshifter) (Elf:1)
  2 raiju (Abyss:6)
  121 slime creatures
  11 blink frogs
  A slime creature (shapeshifter) (Elf:3)
  A fire giant simulacrum (Depths:2)
  A dream sheep (Shoals:4)
  12 snapping turtles
  35 flying skulls
  A spriggan (Lair:5)
  An alligator skeleton (Volcano)
  A fire dragon zombie (Crypt:3)
  A spectral black mamba (Gauntlet)
  2 ettin skeletons
  3 shadows
  5 ushabtiu (Tomb:1)
  4 air elementals
  4 wyverns
  A dire elephant simulacrum (IceCv)
  10 small abominations
  29 water elementals
  24 yaks
  4 vampires
  5 fire elementals
  3 chaos spawn
  3 wraiths
  4 basilisks
  3 steam dragons
  4 neqoxecs
  A spectral komodo dragon (Gauntlet)
  19 humans (D:14)
  2 ynoxinuls (Lair:5)
  A redback (Vaults:4)
  A redback (shapeshifter) (D:15)
  4 golden eyes (Slime:1)
  7 vampire mosquitoes
  A harpy simulacrum (Crypt:1)
  3 naga zombies
  5 two-headed ogre zombies (WizLab)
  9 wargs
  40 nagas
  A fire bat skeleton (Crypt:2)
  18 water moccasins
  2 acid dragons
  9 hell hounds
  Duvessa (D:5)
  A floating eye (Depths:3)
  3 ice beasts
  A manticore zombie (Crypt:2)
  42 orc warriors
  A water nymph skeleton (Crypt:2)
  A sky beast (D:8)
  2 black bears
  A floating eye zombie (Depths:3)
  10 ogres
  4 starcursed masses (Abyss:3)
  A swamp dragon zombie (Crypt:1)
  11 wolves
  18 centaurs
  5 kobold brigands (D:8)
  10 bullfrogs
  5 necrophages
  3 gnoll sergeants
  3 scorpions
  A human simulacrum (Depths:2)
  3 earth elementals
  2 cane toad simulacra (IceCv)
  16 wights
  6 troll zombies (WizLab)
  Dowan (D:5)
  A killer bee (D:8)
  2 elephant simulacra (IceCv)
  A troll skeleton (Volcano)
  An electric eel (D:11)
  4 howler monkeys
  A wolf zombie (Crypt:1)
  2 human zombies (Crypt:1)
  A quasit (Abyss:2)
  A gnoll bouda (Orc:1)
  A jelly (D:4)
  Crazy Yiuf (D:2)
  41 orc priests
  7 hounds
  2 iguanas
  Ijyb (D:3)
  Terence (D:2)
  A human skeleton (Crypt:1)
  29 orc wizards
  A polar bear simulacrum (IceCv)
  An ogre zombie (WizLab)
  A naga skeleton (Volcano)
  A tengu zombie (Crypt:2)
  11 mummies
  Robin (D:2)
  14 gnolls
  7 adders
  A steam dragon zombie (Crypt:1)
  2 shadow imps (Gauntlet)
  7 white imps
  2 ufetubi
  2 worms
  2 dart slugs
  102 orcs
  6 endoplasms
  3 giant cockroaches
  21 goblins
  7 hobgoblins
  5 jackals
  16 kobolds
  4 quokkas
  3 training dummies (Elf:3)
  8 ball pythons
  A ball python skeleton (Crypt:1)
  6 bats
  4 frilled lizards
  A quokka skeleton (Crypt:1)
  6 rats
  A lurking horror (Abyss:3)
2414 creatures vanquished.

Vanquished Creatures (others)
  2 royal mummies (Tomb:1)
  A draconian knight (Depths:4)
  2 draconian stormcallers (Zot:4)
  A draconian annihilator (Zot:4)
  A green death (Depths:4)
  A mummy priest (Tomb:1)
  A rakshasa (Depths:2)
  A yaktaur captain (Vaults:2)
  2 death scarabs (Tomb:1)
  A salamander mystic (Snake:4)
  A harpy (Vaults:5)
  3 deep elf pyromancers
  A guardian mummy (Tomb:1)
  A naga (Snake:2)
  An orc wizard (D:8)
  An orc (D:8)
  34 fungi
  115 plants
  9 starspawn tentacles
  14 withered plants (Gauntlet)
193 creatures vanquished.

Grand Total: 2607 creatures vanquished

Notes
Turn   | Place    | Note
-------+----------+-------------------------------------------
     0 | D:1      | firemarshallily the Minotaur Fighter began the quest for
                  | the Orb.
     0 | D:1      | Reached XP level 1. HP: 19/19 MP: 0/0
   135 | D:1      | Reached XP level 2. HP: 24/27 MP: 1/1
   827 | D:2      | Reached XP level 3. HP: 33/33 MP: 2/2
  1038 | D:2      | Identified the +1 helmet "Hitorgh" {rF++ Str+6 Dex-2}
  1038 | D:2      | Noticed Robin
  1049 | D:2      | Killed Robin
  1050 | D:2      | Reached XP level 4. HP: 33/41 MP: 3/3
  1217 | D:2      | Found a shimmering altar of Xom.
  1458 | D:2      | Noticed Terence
  1467 | D:2      | Killed Terence
  1525 | D:2      | Found a runed translucent door.
  1526 | D:2      | Noticed Crazy Yiuf
  1606 | D:2      | Reached skill level 5 in Fighting
  1922 | D:2      | Killed Crazy Yiuf
  1923 | D:2      | Reached XP level 5. HP: 36/48 MP: 4/4
  2187 | D:3      | Found a faded altar of an unknown god.
  2286 | D:3      | Noticed a black bear
  2296 | D:3      | Killed a black bear
  2297 | D:3      | Reached XP level 6. HP: 53/57 MP: 5/5
  2434 | D:3      | Noticed Ijyb
  2484 | D:3      | Killed Ijyb
  2485 | D:3      | Reached skill level 5 in Axes
  3266 | D:4      | Reached skill level 5 in Armour
  3458 | D:4      | Identified 3 scrolls of acquirement
  3458 | D:4      | Acquired the +3 pair of mountain boots {steadfast, rC+}
  3458 | D:4      | Found the +3 pair of mountain boots {steadfast, rC+}
  3465 | D:4      | Acquired the +6 hand axe "Liceakoj" {vorpal, *Rage rPois
                  | rN++}
  3467 | D:4      | Acquired the ring of Bar Bolaph {rElec rF+ Str+4}
  3522 | D:4      | Reached skill level 5 in Shields
  3525 | D:4      | Reached XP level 7. HP: 64/64 MP: 6/6
  4165 | D:5      | Entered Level 5 of the Dungeon
  4198 | D:5      | Found a radiant altar of Vehumet.
  4506 | D:5      | Noticed Dowan
  4509 | D:5      | Noticed Duvessa
  4512 | D:5      | Killed Dowan
  4517 | D:5      | Killed Duvessa
  4551 | D:5      | Reached XP level 8. HP: 64/73 MP: 7/7
  4588 | D:5      | Noticed Grinder
  4598 | D:5      | Killed Grinder
  4645 | D:5      | Found a glowing golden altar of the Shining One.
  4943 | D:6      | Acquired 1196 gold pieces
  5129 | D:6      | Noticed Prince Ribbit
  5135 | D:6      | Killed Prince Ribbit
  5398 | D:6      | Reached XP level 9. HP: 63/83 MP: 8/8
  6086 | D:7      | Found a staircase to the Ecumenical Temple.
  6092 | Temple   | Entered the Ecumenical Temple
  6249 | Temple   | Became a worshipper of Uskayaw the Reveller
  6284 | D:7      | Reached * piety under Uskayaw
  6301 | D:7      | Reached ** piety under Uskayaw
  6305 | D:7      | Reached *** piety under Uskayaw
  6740 | D:8      | Found Poceiz's Distillery.
  6757 | D:8      | Reached skill level 10 in Fighting
  6763 | D:8      | Reached **** piety under Uskayaw
  6813 | D:8      | Identified the +3 leather armour of the Onion {Regen+}
  6842 | D:8      | Reached skill level 10 in Axes
  6943 | D:8      | Reached XP level 10. HP: 94/94 MP: 9/9
  6947 | D:8      | Reached ***** piety under Uskayaw
  6996 | D:8      | Bought a potion of might for 44 gold pieces
  6996 | D:8      | Bought a potion of experience for 550 gold pieces
  6996 | D:8      | Bought a potion of brilliance for 44 gold pieces
  6996 | D:8      | Bought a potion of berserk rage for 55 gold pieces
  6996 | D:8      | Bought a potion of heal wounds for 55 gold pieces
  6996 | D:8      | Bought a potion of mutation for 88 gold pieces
  6996 | D:8      | Bought a potion of resistance for 110 gold pieces
  6996 | D:8      | Bought a potion of mutation for 88 gold pieces
  6996 | D:8      | Bought a potion of curing for 33 gold pieces
  6996 | D:8      | Bought a potion of lignification for 33 gold pieces
  6996 | D:8      | Bought a potion of cancellation for 88 gold pieces
  7001 | D:8      | Reached XP level 11. HP: 107/107 MP: 10/10
  7185 | D:8      | Found a shimmering altar of Xom.
  7727 | D:9      | Reached skill level 10 in Armour
  8088 | D:9      | Noticed a boulder beetle
  8105 | D:9      | Killed a boulder beetle
  8361 | D:9      | Noticed a two-headed ogre
  8374 | D:9      | Killed a two-headed ogre
  8454 | D:9      | Reached ****** piety under Uskayaw
  8510 | D:9      | Found a staircase to the Orcish Mines.
  8787 | D:10     | Entered Level 10 of the Dungeon
  8981 | D:10     | Found Haacola's Demolitions Depot.
  9314 | D:10     | Found an iron altar of Okawaru.
  9315 | D:10     | Found a blossoming altar of Fedhas.
  9319 | D:10     | Found an opulent altar of Gozag.
  9319 | D:10     | Noticed Erica
  9341 | D:10     | Killed Erica
  9389 | D:10     | Identified the +2 cloak of Activism {Dex+3}
  9804 | D:11     | Identified the ring "Deguriwn" {rPois Str+7}
  9810 | D:11     | Noticed Psyche
  9824 | D:11     | Killed Psyche
  9826 | D:11     | Noticed a boulder beetle
  9851 | D:11     | Killed a boulder beetle
  9852 | D:11     | Reached XP level 12. HP: 68/118 MP: 11/11
  9952 | D:11     | Noticed Fannar
  9976 | D:11     | Killed Fannar
  9977 | D:11     | Reached skill level 15 in Fighting
  9990 | D:11     | Found a staircase to the Lair.
 10117 | D:11     | Identified the +4 leather armour of Spite {rC- Will+ Slay+4
                  | SInv}
 10170 | D:11     | Noticed an eight-headed hydra
 10188 | D:11     | Killed an 11-headed hydra
 10189 | D:11     | Reached skill level 15 in Axes
 10240 | D:11     | Noticed Snorg
 10250 | D:11     | Killed Snorg
 11549 | D:12     | Found a runed translucent door.
 11852 | D:12     | Noticed Zoegat's ghost (journeyman MiAK)
 11910 | Lair:1   | Entered Level 1 of the Lair of Beasts
 12832 | Lair:2   | Reached XP level 13. HP: 130/130 MP: 12/12
 12863 | Lair:2   | Found a dark tunnel.
 12868 | Volcano  | Entered a volcano
 13234 | Volcano  | Reached skill level 1 in Throwing
 13876 | Lair:2   | Identified the +3 ring mail of Aketimem {+Inv rF+ Will+}
 14341 | Lair:2   | Found a staircase to the Shoals.
 15417 | Lair:3   | Found a staircase to the Snake Pit.
 15524 | Lair:3   | Found a transporter.
 15536 | Lair:3   | Noticed Beryl's ghost (journeyman KoFi)
 15556 | Lair:3   | Found a transporter.
 16016 | Lair:4   | Acquired the +2 shield of Resistance {rF++ rC++ Will++}
 16016 | Lair:4   | Found the +2 shield of Resistance {rF++ rC++ Will++}
 16059 | Lair:4   | Found a staircase to the Slime Pits.
 16064 | Lair:4   | Noticed Rupert
 16081 | Lair:4   | Killed Rupert
 17290 | Lair:5   | Entered Level 5 of the Lair of Beasts
 17309 | Lair:5   | Reached XP level 14. HP: 144/144 MP: 13/13
 17480 | Lair:4   | Reached skill level 5 in Throwing
 17978 | Lair:5   | Found a corrupted altar of Lugonu.
 17978 | Lair:5   | Found a one-way gate to the infinite horrors of the Abyss.
 18593 | Lair:5   | Reached skill level 10 in Shields
 19908 | Orc:1    | Entered Level 1 of the Orcish Mines
 19913 | Orc:1    | Noticed an orc warlord
 19981 | Orc:1    | Killed an orc warlord
 20279 | Orc:2    | Entered Level 2 of the Orcish Mines
 20797 | Orc:2    | Found a frozen archway.
 20806 | IceCv    | Entered an ice cave
 21404 | IceCv    | Reached XP level 15. HP: 130/155 MP: 14/14
 21451 | IceCv    | Got Tajo Zoi's Spellbook of Sinister Combat Magic
 21897 | Orc:2    | Found a staircase to the Elven Halls.
 21993 | Orc:2    | Found Ebyih's General Store.
 21993 | Orc:2    | Found Isepoel's General Store.
 21994 | Orc:2    | Found Kuownusch's General Store.
 21994 | Orc:2    | Found Xeudwu's Armour Shoppe.
 22001 | Orc:2    | Bought a scroll of silence for 152 gold pieces
 22001 | Orc:2    | Bought a potion of lignification for 48 gold pieces
 22001 | Orc:2    | Bought 3 curare-tipped darts for 28 gold pieces
 22004 | Orc:2    | Bought a potion of heal wounds for 75 gold pieces
 22010 | Orc:2    | Bought a +2 pair of gloves of stealth for 344 gold pieces
 22075 | Orc:1    | Noticed Gastronok
 22094 | Orc:1    | Killed Gastronok
 23362 | D:13     | Noticed Azrael
 23374 | D:13     | Killed Azrael
 24305 | D:14     | Found a gate to the Vaults.
 24859 | Abyss:2  | Cast into level 2 of the Abyss (death knight)
 24934 | Abyss:2  | Found a corrupted altar of Lugonu.
 25108 | Abyss:3  | Found a corrupted altar of Lugonu.
 25210 | Abyss:5  | Found a corrupted altar of Lugonu.
 25264 | Abyss:5  | Gained mutation: You are weak. (Str -2) [a neqoxec]
 25301 | Abyss:6  | Noticed a tentacled starspawn
 25306 | Abyss:6  | Noticed an acid blob
 25310 | Abyss:6  | Noticed a tentacled starspawn
 25317 | Abyss:6  | Found a corrupted altar of Lugonu.
 25325 | Abyss:6  | Fell from the grace of Uskayaw
 25325 | Abyss:6  | Became a worshipper of Lugonu the Unformed
 25325 | Abyss:6  | Reached * piety under Lugonu
 25326 | D:14     | Escaped the Abyss
 25830 | D:15     | Entered Level 15 of the Dungeon
 25910 | D:15     | Found a gate leading to a gauntlet.
 25918 | Gauntlet | Entered a Gauntlet
 25918 | Gauntlet | Found a transporter.
 25918 | Gauntlet | Found a transporter.
 25918 | Gauntlet | Found a transporter.
 25923 | Gauntlet | Found a transporter.
 25923 | Gauntlet | Found a transporter.
 25925 | Gauntlet | Found a large runed translucent door.
 25926 | Gauntlet | Found a large runed translucent door.
 25927 | Gauntlet | Found a large runed translucent door.
 25927 | Gauntlet | Found a large runed translucent door.
 25927 | Gauntlet | Found a runed translucent door.
 25927 | Gauntlet | Found a runed translucent door.
 25928 | Gauntlet | Found a large runed translucent door.
 25928 | Gauntlet | Found a large runed translucent door.
 25928 | Gauntlet | Found a large runed translucent door.
 25928 | Gauntlet | Found a large runed translucent door.
 25929 | Gauntlet | Found a large runed translucent door.
 25930 | Gauntlet | Found a large runed translucent door.
 25931 | Gauntlet | Found a large runed translucent door.
 25931 | Gauntlet | Found a large runed translucent door.
 25932 | Gauntlet | Found a large runed translucent door.
 25932 | Gauntlet | Found a large runed translucent door.
 25932 | Gauntlet | Found a large runed translucent door.
 25932 | Gauntlet | Found a large runed translucent door.
 25945 | Gauntlet | Found a runed translucent gate.
 25945 | Gauntlet | Found a runed translucent gate.
 25945 | Gauntlet | Found a runed translucent gate.
 25947 | Gauntlet | Found a transporter.
 26059 | Gauntlet | Found a transporter.
 26097 | Gauntlet | Found a transporter.
 26105 | Gauntlet | Found a transporter.
 26111 | Gauntlet | Found a transporter.
 26133 | Gauntlet | Found a transporter.
 26157 | Gauntlet | Found a transporter.
 26715 | Gauntlet | Identified the +1 hat "Impu" {Rampage}
 26766 | Gauntlet | Got Vuwump's Reference Book on the Traveller
 26876 | D:14     | Reached XP level 16. HP: 138/168 MP: 15/15
 27710 | D:15     | Found a portal to a secret trove of treasure.
 27959 | D:15     | Reached ** piety under Lugonu
 27964 | D:15     | Found a staircase to the Depths.
 28234 | Snake:1  | Entered Level 1 of the Snake Pit
 28240 | Snake:1  | Reached skill level 15 in Armour
 28323 | Lair:3   | Paralysed by the fury of Uskayaw for 5 turns
 29290 | Snake:2  | Reached skill level 1 in Dodging
 29291 | Snake:2  | Reached skill level 10 in Throwing
 29443 | Snake:2  | Reached *** piety under Lugonu
 30052 | Snake:2  | Found Timugg's Distillery.
 30052 | Snake:2  | Found Heriq's Antique Armour Shop.
 30068 | Snake:2  | Reached **** piety under Lugonu
 30312 | Snake:2  | Bought a potion of curing for 60 gold pieces
 30312 | Snake:2  | Bought a potion of lignification for 60 gold pieces
 30318 | Snake:2  | Bought a steaming cloak for 399 gold pieces
 30318 | Snake:2  | Identified the +1 cloak of Icicocots {Rampage} (You bought
                  | it in a shop on level 2 of the Snake Pit)
 30875 | Snake:3  | Reached skill level 5 in Dodging
 30889 | Snake:3  | Reached XP level 17. HP: 105/180 MP: 16/16
 30911 | Snake:3  | Was forgiven by Uskayaw
 31622 | Snake:2  | Bought a potion of berserk rage for 100 gold pieces
 31622 | Snake:2  | Bought a potion of berserk rage for 100 gold pieces
 31622 | Snake:2  | Bought a potion of berserk rage for 100 gold pieces
 32161 | Snake:3  | Reached ***** piety under Lugonu
 32819 | Snake:4  | Entered Level 4 of the Snake Pit
 33038 | Snake:4  | Lost mutation: You are weak. (Str -2) [potion of mutation]
 33038 | Snake:4  | Gained mutation: Your spells are a little harder to cast,
                  | but a little more powerful. [potion of mutation]
 33038 | Snake:4  | Gained mutation: You sometimes lose your temper in combat.
                  | [potion of mutation]
 33038 | Snake:4  | Gained mutation: You expend magic power (3 MP) to
                  | strengthen your wands. [potion of mutation]
 33039 | Snake:4  | Lost mutation: You expend magic power (3 MP) to strengthen
                  | your wands. [potion of mutation]
 33039 | Snake:4  | Lost mutation: You sometimes lose your temper in combat.
                  | [potion of mutation]
 33039 | Snake:4  | Gained mutation: You are agile. (Dex +4, Str/Int -1)
                  | [potion of mutation]
 33039 | Snake:4  | Gained mutation: You are partially covered in iridescent
                  | scales. (AC +2) [potion of mutation]
 33983 | Snake:4  | Noticed Vashnia
 34393 | Snake:4  | Killed Vashnia
 35182 | Snake:4  | Got a serpentine rune of Zot
 35432 | Shoals:1 | Entered Level 1 of the Shoals
 35720 | Shoals:1 | Noticed Aizul
 35734 | Shoals:1 | Killed Aizul
 35813 | Shoals:1 | Found Liemeph's Magic Scroll Boutique.
 35834 | Shoals:1 | Reached XP level 18. HP: 192/192 MP: 17/17
 36178 | Shoals:2 | Found Soyguami's Book Emporium.
 36586 | Shoals:1 | Bought a scroll of blinking for 135 gold pieces
 36586 | Shoals:1 | Bought 2 scrolls of blinking for 270 gold pieces
 36972 | Shoals:2 | Identified the +6 short sword of Reeshredd {vorpal, Fragile
                  | Dex+8}
 37993 | Shoals:3 | Noticed Ilsuiw
 38024 | Shoals:3 | Killed Ilsuiw
 38620 | Shoals:4 | Entered Level 4 of the Shoals
 38647 | Shoals:4 | Reached ****** piety under Lugonu
 39117 | Shoals:4 | Got a barnacled rune of Zot
 39174 | Shoals:4 | Identified the ring "Caudoi" {Wiz SInv}
 39212 | Shoals:4 | Identified the +0 helmet of the Impish God {rF- rC+ Stlth+}
 39341 | Shoals:4 | Identified a +7 war axe of distortion (a +5 war axe
                  | corrupted by Lugonu)
 39341 | Shoals:4 | Received a gift from Lugonu
 39491 | Shoals:4 | Identified the +5 rapier "Guonniath" {vorpal, Fly rF+}
 39603 | Shoals:4 | Noticed Bai Suzhen
 39617 | Shoals:4 | Killed Bai Suzhen
 39709 | Shoals:4 | Reached skill level 10 in Dodging
 39908 | Shoals:4 | Got Xisoil Woits's Advanced Steps in Witchcraft
 40301 | Vaults:1 | Entered Level 1 of the Vaults
 40528 | Vaults:1 | Found a runed translucent door.
 40528 | Vaults:1 | Noticed workbot's ghost (adept MiBe)
 40716 | Vaults:1 | Reached XP level 19. HP: 180/204 MP: 18/18
 41663 | Vaults:1 | Banished workbot's ghost
 42059 | Vaults:2 | Found a magical portal.
 42073 | WizLab   | Entered Zonguldrok's Shrine
 42565 | WizLab   | Noticed an antique lich
 42575 | WizLab   | Killed an antique lich
 42613 | WizLab   | Found the +9 sword of Zonguldrok {reap}
 43185 | Vaults:2 | Identified the +7 arbalest of a volcano {penet, +Blink}
 43199 | Vaults:2 | Reached skill level 27 in Fighting
 44346 | Vaults:3 | Found a flickering gateway to a bazaar.
 44365 | Bazaar   | Entered a bazaar
 44369 | Bazaar   | Found Osiluheh's Jewellery Boutique.
 44387 | Bazaar   | Found Ujest's Antique Weapon Shoppe.
 44405 | Bazaar   | Found Qafel's Book Boutique.
 44426 | Bazaar   | Found Lued's Magic Scroll Emporium.
 44454 | Bazaar   | Bought a scroll of enchant armour for 120 gold pieces
 44454 | Bazaar   | Bought a scroll of magic mapping for 120 gold pieces
 44454 | Bazaar   | Bought a scroll of acquirement for 832 gold pieces
 44454 | Bazaar   | Bought a scroll of fear for 64 gold pieces
 44454 | Bazaar   | Acquired a manual of Shields
 44487 | Bazaar   | Bought a faintly glowing battleaxe for 299 gold pieces
 44487 | Bazaar   | Identified the +7 battleaxe "Viothorch" {freeze, rF+ Str-4
                  | Int+2 Dex+4} (You bought it in a shop in a bazaar)
 44612 | Vaults:3 | Found a staircase to the Crypt.
 44999 | Vaults:3 | Reached XP level 20. HP: 207/216 MP: 19/19
 45034 | Vaults:3 | Noticed Jory
 45047 | Vaults:3 | Killed Jory
 45328 | Vaults:3 | Reached skill level 15 in Shields
 46797 | Vaults:4 | Identified the +1 chain mail "Cetrudd" {rElec rPois}
 47501 | Depths:1 | Entered Level 1 of the Depths
 47547 | D:15     | Reached skill level 15 in Throwing
 47570 | Depths:1 | Found a gateway to Hell.
 47835 | Depths:1 | Found a sacrificial altar of Ru.
 48043 | Depths:1 | Identified the +2 leather armour of Ylair {SInv}
 48338 | Depths:1 | Found a one-way gate leading to the halls of Pandemonium.
 48575 | Depths:2 | Found a one-way gateway to a ziggurat.
 48584 | Depths:2 | Reached XP level 21. HP: 213/224 MP: 20/20
 48981 | Depths:2 | Identified the ring of Wu Jian's Supremacy {Ice Int+3
                  | Dex+4}
 48981 | Depths:2 | Noticed Josephina
 49003 | Depths:2 | Killed Josephina
 49031 | Depths:2 | Noticed a caustic shrike
 49041 | Depths:2 | Killed a caustic shrike
 49378 | Depths:2 | Got the Discourse on the Spider and Kindling
 49538 | Depths:2 | Found the -2 hat of the Alchemist {rElec rPois rF+ rC+ rN+
                  | Will+ rMut rCorr}
 49542 | Depths:2 | Noticed a golden dragon
 49557 | Depths:2 | Killed a golden dragon
 49788 | Depths:2 | Found a bloodstained altar of Trog.
 49964 | Depths:3 | Noticed a golden dragon
 50127 | Depths:3 | Banished a golden dragon
 50222 | Depths:3 | Found a stormy altar of Qazlal.
 50451 | Depths:3 | Noticed a golden dragon
 50459 | Depths:3 | Killed a golden dragon
 51547 | Depths:3 | Noticed a juggernaut
 51550 | Depths:3 | Banished a juggernaut
 51919 | Depths:3 | Found Lecagi Sife's Jewellery Shoppe.
 51920 | Depths:3 | Found Siagow's Book Shop.
 51922 | Depths:3 | Found Niurij's Jewellery Shoppe.
 52117 | Depths:4 | Entered Level 4 of the Depths
 52140 | Depths:4 | Reached XP level 22. HP: 233/233 MP: 21/21
 52822 | Depths:4 | Noticed a golden dragon
 52831 | Depths:4 | Banished a golden dragon
 53050 | Depths:4 | Noticed a golden dragon
 53051 | Depths:4 | Found a gate to the Realm of Zot.
 53066 | Depths:4 | Killed a golden dragon
 53274 | Depths:4 | Noticed Margery
 53285 | Depths:4 | Killed Margery
 53995 | Elf:1    | Entered Level 1 of the Elven Halls
 54397 | Elf:1    | Got Vehumet's Meditations on Striking
 54654 | Elf:1    | Found an ancient bone altar of Kikubaaqudgha.
 54951 | Elf:1    | Noticed Frances
 54963 | Elf:1    | Killed Frances
 55731 | Elf:2    | Found a huge runed translucent gate.
 55731 | Elf:2    | Found a huge runed translucent gate.
 55731 | Elf:2    | Found a huge runed translucent gate.
 55733 | Elf:2    | Found a huge runed translucent gate.
 55734 | Elf:2    | Found a huge runed translucent gate.
 55841 | Elf:2    | Reached skill level 15 in Dodging
 56396 | Elf:3    | Entered Level 3 of the Elven Halls
 56463 | Elf:3    | Reached XP level 23. HP: 208/240 MP: 22/22
 57204 | Elf:3    | Identified the +8 long sword "Myjo" {chaos, Str-2 Int+6}
 57569 | Elf:3    | Paralysed by an air elemental for 1 turns
 57573 | Elf:3    | Paralysed by an air elemental for 1 turns
 57746 | Elf:3    | Identified the +7 demon trident "Tyseq" {freeze, rF++}
 58043 | Elf:3    | Found the +3 giant club "Skullcrusher" {speed, Str+7}
 58051 | Elf:3    | Identified the +7 arbalest of Domination {freeze, Str+2
                  | Stlth+}
 58063 | Elf:3    | Got the Catalogue of Spellbinding and Battling
 58072 | Elf:3    | Got the Octavo of Transmogrification
 58370 | D:12     | Killed Zoegat's ghost
 58554 | Lair:3   | Killed Beryl's ghost
 58800 | Vaults:5 | Entered Level 5 of the Vaults
 59414 | Vaults:5 | Identified the +0 ring mail of Unreason {rPois rF+ Str+2}
 59491 | Vaults:5 | Identified the +4 hand axe "Piafule" {holy, Int+7}
 59517 | Vaults:5 | Identified the +0 chain mail of Valour {Slay+6}
 59745 | Vaults:5 | Identified the amulet "Wewon" {rElec Regen+}
 59828 | Vaults:5 | Noticed a dread lich
 59843 | Vaults:5 | Killed a dread lich
 60036 | Vaults:5 | Identified the +3 leather armour of the Lost Beds {rF+
                  | Int+3}
 60285 | Vaults:5 | Noticed Saint Roka
 60285 | Vaults:5 | Identified the +10 rapier of Winter {vorpal, rF+ rCorr
                  | Str+4 Int-5}
 60300 | Vaults:5 | Killed Saint Roka
 60303 | Vaults:5 | Reached skill level 27 in Armour
 60330 | Vaults:5 | Reached XP level 24. HP: 212/249 MP: 22/22
 60437 | Vaults:5 | Identified the +1 scale mail of Cheibriados's Pride {rElec
                  | Will+ Regen+ Int-3}
 60551 | Vaults:5 | Reached skill level 1 in Invocations
 60603 | Vaults:5 | Identified the +9 war axe of Noog {flame, Drain rPois rN+
                  | Str+7}
 60740 | Vaults:5 | Got a silver rune of Zot
 61116 | Vaults:5 | Identified the +8 long sword "Haid" {antimagic, Will++
                  | Str+9}
 61555 | Slime:1  | Entered Level 1 of the Pits of Slime
 61831 | Slime:2  | Noticed Dissolution
 61839 | Slime:2  | Killed Dissolution
 62459 | Slime:3  | Reached skill level 5 in Invocations
 64456 | Slime:5  | Entered Level 5 of the Pits of Slime
 64560 | Slime:5  | Noticed the Royal Jelly
 64978 | Slime:5  | Found a viscous altar of Jiyva.
 64988 | Slime:5  | Found the dreamshard necklace {*Dream Drain}
 65151 | Slime:5  | Killed the Royal Jelly
 65232 | Slime:5  | Identified the +3 chain mail of Haruferr {rC- rCorr Dex+4}
 65238 | Slime:5  | Identified the +0 robe "Qoqyras" {rN+}
 65242 | Slime:5  | Got a slimy rune of Zot
 65263 | Slime:5  | Identified the +8 scimitar of Ocvucsaf {vorpal, rN+ rCorr
                  | MP+9 Int-2}
 65278 | Slime:5  | Identified the +3 bardiche of the End of Times {vorpal,
                  | rPois Str-5 Int+4}
 65279 | Slime:5  | Identified the +10 spear "Budgholad" {distort, *Rage rElec
                  | rN+ Stlth+}
 65319 | Slime:5  | Identified the +2 spear of the Gloaming {drain, Will+++}
 65355 | Slime:5  | Identified the +3 ring mail of Bedevilment {Will+}
 65693 | Crypt:1  | Entered Level 1 of the Crypt
 66021 | Crypt:1  | Reached XP level 25. HP: 254/255 MP: 28/28
 67235 | Crypt:3  | Entered Level 3 of the Crypt
 67425 | Crypt:3  | Found a staircase to the Tomb.
 67718 | Crypt:3  | Noticed a dread lich
 67720 | Crypt:3  | Found a shimmering altar of Xom.
 67731 | Crypt:3  | Banished a dread lich
 67732 | Crypt:3  | Reached skill level 10 in Invocations
 67868 | Crypt:3  | Found the +8 demon blade "Leech" {vamp, Harm Drain rN+}
 67876 | Crypt:3  | Identified the +4 ring mail of the Butcher {Dex+5}
 68821 | Depths:1 | Voluntarily entered the Abyss.
 68873 | Abyss:6  | Got an abyssal rune of Zot
 68890 | Depths:1 | Escaped the Abyss
 69446 | Tomb:1   | Entered Level 1 of the Tomb of the Ancients
 69513 | Tomb:1   | Identified the +6 flail of the Feather {vorpal, rC+ Int+5
                  | Dex+4}
 69634 | Tomb:1   | Noticed a royal mummy
 69654 | Tomb:1   | Killed a royal mummy
 69922 | Tomb:1   | Noticed a royal mummy
 69931 | Tomb:1   | Killed a royal mummy
 70590 | Tomb:1   | Noticed a royal mummy
 70601 | Tomb:1   | Killed a royal mummy
 70601 | Tomb:1   | Lost intelligence.
 70961 | Tomb:1   | Corrupted Tomb:1
 70989 | Tomb:1   | Noticed a royal mummy
 70998 | Tomb:1   | Killed a royal mummy
 71016 | Tomb:1   | Killed a royal mummy
 71098 | Tomb:1   | Killed a royal mummy
 71139 | Tomb:1   | Noticed Boris
 71143 | Tomb:1   | Noticed a royal mummy
 71143 | Tomb:1   | Noticed a royal mummy
 71143 | Tomb:1   | Noticed a royal mummy
 71143 | Tomb:1   | Noticed a royal mummy
 71143 | Tomb:1   | Noticed a royal mummy
 71143 | Tomb:1   | Noticed a royal mummy
 71143 | Tomb:1   | Noticed a royal mummy
 71143 | Tomb:1   | Noticed a royal mummy
 71144 | Tomb:1   | Noticed a royal mummy
 71641 | Tomb:1   | Noticed a royal mummy
 71644 | Tomb:1   | Killed a royal mummy
 71645 | Tomb:1   | Noticed a royal mummy
 72426 | Zot:1    | Entered Level 1 of the Realm of Zot
 73105 | Zot:1    | Reached XP level 26. HP: 216/266 MP: 31/31
 73749 | D:15     | You paid a toll of 6 potions of haste to enter a treasure
                  | trove
 73750 | Trove    | Entered a treasure trove
 73828 | Trove    | Identified the ring of Greed {rPois rF+ Slay-2 SInv}
 73850 | Trove    | Identified the +5 scimitar of Growth {flame, Str+6}
 73851 | Trove    | Identified the +1 broad axe "Rode" {speed, rF- rN+++ Str+4
                  | Dex+2}
 77579 | Zot:3    | Got Ache's Treatise on Profane Rituals and the Rocks
 79129 | Zot:4    | Corrupted Zot:4
 79247 | Zot:5    | Entered Level 5 of the Realm of Zot
 79247 | Zot:5    | Noticed nroviw's ghost (legendary KoHu)
 79247 | Zot:5    | Found a runed translucent door.
 80128 | Zot:5    | Got the Vellum of the Serpent
 80373 | Zot:5    | Reached XP level 27. HP: 217/273 MP: 33/33
 80457 | Zot:5    | Reached skill level 15 in Invocations
 80512 | Zot:5    | Noticed an orb of fire
 80516 | Zot:5    | Noticed an ancient lich
 80516 | Zot:5    | Noticed a juggernaut
 80516 | Zot:5    | a Killer Klown changed into a juggernaut
 80517 | Zot:5    | Noticed a juggernaut
 80517 | Zot:5    | a Killer Klown changed into a juggernaut
 80519 | Zot:5    | Noticed an orb of fire
 81027 | Zot:5    | Killed an orb of fire
 81072 | Zot:5    | Killed a juggernaut
 81091 | Zot:5    | Killed a juggernaut
 81288 | Zot:5    | Banished nroviw's ghost
 81295 | Zot:5    | Killed an orb of fire
 81350 | Zot:5    | Banished an ancient lich
 81648 | Zot:5    | Noticed an orb of fire
 81670 | Zot:5    | Lost mutation: You are partially covered in iridescent
                  | scales. (AC +2) [an orb of fire]
 81678 | Zot:5    | Killed an orb of fire
 82178 | Zot:5    | Got the Orb of Zot
 82181 | Zot:5    | Noticed Qousan the pandemonium lord
 82181 | Zot:5    | Noticed an ancient lich
 82203 | Zot:5    | Noticed Reiribbu the pandemonium lord
 82807 | D:2      | Noticed Kejefaed the pandemonium lord
 82891 | D:$      | Escaped with the Orb!

Illustrated notes

Levels and vault maps discovered:
D:1:      saegor_arrival_simple_d, layout_rooms, minivault_4
D:2:      layout_basic, basic_altar, serial_bayou_ford_a,
          wander_ebering_terrifying_dragon_lair, uniq_terence,
          uniq_crazy_yiuf_cottage, uniq_robin
D:3:      layout_loops_ring, hellmonk_ecumenical_altar_leap_of_faith, uniq_ijyb
D:4:      layout_loops_ring
D:5:      layout_rooms, tso_metal_star, lemuel_round_altar, uniq_grinder,
          uniq_duvessa
D:6:      layout_cave_pods, uniq_prince_ribbit1
D:7:      layout_basic, temple_green, hangedman_abyss_or_decor_lesser_grid
D:8:      layout_basic, xom_confusion_cloud, serial_shops, nicolae_square_shop
D:9:      layout_stronghold, erik_orc_3
D:10:     cheibrodos_iron_armory, layout_basic, grunt_temple_overflow_open,
          nicolae_blasting_shop, uniq_erica
D:11:     layout_loops_ring, erik_lair_island, nicolae_wwwww,
          minmay_beelzebubs_servants, uniq_fannar, uniq_snorg, uniq_psyche
D:12:     layout_rooms, ebering_ghost_inner_flame, amethyst_killhole
D:13:     layout_irregular_city, serial_bayou_crossing, uniq_azrael
D:14:     layout_roguey, grunt_vaults_entry_tiered, nrook_mini_backslash
D:15:     gammafunk_enter_depths_forms, layout_long_grid,
          gauntlet_entry_generic, nicolae_trove_entry_crystal
Temple:   nicolae_temple_elliptical
Lair:1:   layout_small_grid
Lair:2:   layout_regular_city, minmay_shoals_entry_centaurs,
          nicolae_volcano_entry_s_turn
Lair:3:   layout_loops_ring, minmay_snake_entry_six_corridors,
          gammafunk_ghost_berserking_beasts
Lair:4:   layout_layer_cave, slime_entry_1, lemuel_fruit_tree,
          infiniplex_staircase_pool, uniq_rupert
Lair:5:   hellmonk_lair_end_abyssal_woods, layout_hall_layers
Shoals:1: layout_shoals, serial_shops, nicolae_take_the_stairs, uniq_aizul
Shoals:2: layout_shoals, serial_shops, shop, nicolae_shoals_spring_well_temple
Shoals:3: layout_shoals, uniq_ilsuiw
Shoals:4: shoals_end_hangedman, layout_shoals,
          nicolae_shoals_kraken_intersection, uniq_bai_suzhen
Snake:1:  layout_onion_interference
Snake:2:  layout_cave_shapes, minmay_shoptagon
Snake:3:  layout_cave_town, nicolae_snake_springs, serial_bayou_shore_b
Snake:4:  grunt_snake_rune_serpentine_throne, layout_cave_shapes,
          nicolae_snake_slithery_corners, st_stairs_8
Slime:1:  layout_caves
Slime:2:  layout_caves, dissolution_awaits
Slime:3:  layout_caves, nicolae_slime_round_cave
Slime:4:  layout_caves
Slime:5
Orc:1:    layout_diamond_mine, uniq_gastronok
Orc:2:    st_orc_pillars, layout_caves, portal_ice_cave_entry_pillars_2
Elf:1:    elf_arrival_002, layout_loops_corners, basic_altar,
          minmay_elf_sorcery, uniq_frances
Elf:2:    elven_hall_of_blades_hangedman_alternative
          [nicolae_blade_entry_antechamber], layout_onion_city
Elf:3:    minmay_elf_hall_curves, layout_onion_city,
          nicolae_elf_archery_training
Vaults:1: hellmonk_ghost_happy_afterlife, ontoclasm_vaults_chip, v_misc_23,
          v_misc_2, vaults_room_grunt_arrival_ludios, v_misc_8,
          nicolae_vaults_network_s, nicolae_vaults_network_star,
          vaults_mumra_hex, nicolae_vaults_little_squares_4,
          vaults_dpeg_emergency_exit, layout_vaults_chaotic_city
Vaults:2: infiniplex_enter_wizlab_water, vaults_room_grid,
          nicolae_vaults_yaktaur_gun_rack, serial_ice_h, v_misc_3,
          hangedman_vaults_hat, nicolae_vaults_twisting_passages,
          ontoclasm_vaults_chip, nicolae_vaults_little_squares_5,
          grunt_vaults_hallway_short, vaults_room_semicircle,
          ontoclasm_vaults_shuriken, nicolae_vaults_asterisk,
          layout_vaults_omnigrid
Vaults:3: v_misc_9, v_misc_15, v_misc_33, vaults_room_fancy_cross,
          minmay_crypt_entry_simple_sparse, vaults_dpeg_hooks, v_rooms_1,
          nicolae_vaults_little_squares_6, ontoclasm_vaults_misaligned,
          nicolae_vaults_little_squares_5, vaults_dpeg_ring,
          nicolae_vaults_mini_display_case, nicolae_vaults_what_the_h,
          nicolae_vaults_little_squares_4, grunt_vaults_hallway_long, v_rooms_5,
          nicolae_vaults_ring_of_whatevers, grunt_vaults_hallway_long,
          vaults_dpeg_spiral, ontoclasm_vaults_gateway, layout_vaults_omnibox,
          serial_shops, bzr_entry_water, uniq_jory
Vaults:4: v_misc_5, hangedman_vaults_stagger, ontoclasm_vaults_pinch,
          v_pattern_5, grunt_vaults_bifocal, v_misc_15,
          grunt_vaults_hallway_long, vaults_mumra_chevron_long,
          nicolae_vaults_inception_scallops, dpeg_vaults_waves,
          grunt_vaults_diagonal, v_misc_27, layout_vaults_maze_bifur
Vaults:5: uniq_saint_roka
Crypt:1:  layout_misc_corridors, st_stairs_2, grunt_crypt_arrival_guarded_gate
Crypt:2:  layout_basic, st_stairs_3
Crypt:3:  cryptofortress_bobbens
Tomb:1:   uniq_boris
Depths:1: layout_roguey, abyss_entry_crystal, hell_entry,
          rand_demon_pan_entry_8, chequers_serial_rivers_micro_e,
          nicolae_ru_sacrificial_ziggurat
Depths:2: kennysheep_green_arena, layout_cave_pools, enter_ziggurat_a,
          pan_entry, hangedman_geh_valley, bloody_trog,
          minmay_staircase_statues_hall_small, uniq_josephina
Depths:3: hangedman_stitches_corridor, layout_gridlike, minmay_fountain_box,
          hell_entry, hangedman_abyss_entry_splay,
          nicolae_qazlal_scattered_showers, minmay_shop_grove,
          infiniplex_staircase_spiral_double
Depths:4: grunt_zot_entry_gee_three, layout_honeycomb, grunt_metal_band,
          serial_bayou, serial_bayou_lake_a, serial_bayou_shore_b,
          serial_bayou_pond_c, serial_bayou_lagoon_b
Zot:1:    layout_basic, hangedman_hellfire_club
Zot:2:    layout_cellular_growth, grunt_megastairs_3
Zot:3:    gammafunk_mikee_crab_dinner, layout_basic, skrybe_zot_glass_1
Zot:4:    lemuel_draconian_sentries_small, layout_onion_interference,
          st_small_dragon_hoard_4
Zot:5:    layout_misc_corridors, hellmonk_ghost_big_iron

Skill      XL: |  1  2  3  4  5  6  7  8  9 10 11 12 13 14 15 16 17 18 19 20 21 22 23 24 25 26 27 |
---------------+----------------------------------------------------------------------------------+-----
Fighting       | 4 5 6 7 9 10 13 14 16 18 20 21 23 24 25 27 | 27.0
Axes           | 3 4 5 6 8 10 12 14 16 | 16.0
Armour         | 4 5 6 8 9 11 12 13 14 15 16 18 19 21 23 25 27 | 27.0
Shields        | 4 5 6 7 8 11 14 17 19 20 | 20.3
Throwing       | 4 7 8 10 11 13 14 15 16 17 18 20 23 24 25 | 25.8
Dodging        | 5 8 10 12 13 15 17 19 20 22 24 | 24.2
Invocations    | 8 12 14 15 | 15.0

Action                   |  1- 3 |  4- 6 |  7- 9 | 10-12 | 13-15 | 16-18 | 19-21 | 22-24 | 25-27 || total
-------------------------+-------+-------+-------+-------+-------+-------+-------+-------+-------++-------
Melee: War axe           |    68 |    98 |       |       |   167 |  1431 |  1120 |  1276 |  1310 ||  5470
       Headbutt          |     7 |    16 |    29 |    76 |   249 |   405 |   356 |   423 |   452 ||  2013
       Unarmed           |       |    11 |       |       |       |       |       |       |       ||    11
       Hand axe          |       |     7 |   181 |   326 |   776 |       |       |       |       ||  1290
Throw: Javelin           |     2 |       |       |     2 |     8 |     3 |    14 |    19 |    18 ||    66
       Dart              |       |     3 |     1 |    17 |    31 |     9 |     2 |       |       ||    63
       Boomerang         |       |       |       |     1 |     5 |   100 |   114 |   221 |   339 ||   780
Invok: Depart the Abyss  |       |       |       |       |     1 |       |       |       |     1 ||     2
       Brand Weapon With |       |       |       |       |       |     1 |       |       |       ||     1
       Corrupt           |       |       |       |       |       |       |       |       |     2 ||     2
       Bend Space        |       |       |       |       |       |       |       |       |     1 ||     1
Evoke: Wand              |       |       |       |       |     6 |       |       |     2 |       ||     8
  Use: Scroll            |       |    12 |     7 |     5 |    14 |     6 |     7 |     7 |    24 ||    82
       Potion            |       |       |       |     6 |     8 |     8 |       |     2 |    11 ||    35
 Stab: Paralysed         |       |       |     7 |    28 |    92 |       |       |       |       ||   127
       Invisible         |       |       |       |     1 |       |       |       |       |       ||     1
       Distracted        |       |       |       |       |     1 |       |       |     2 |     2 ||     5
       Sleeping          |       |       |       |       |     2 |       |       |       |       ||     2
       Petrified         |       |       |       |       |       |     8 |       |       |       ||     8
Armor: Scale mail        |    34 |    61 |    40 |       |       |       |       |       |       ||   135
       Steam dragon scal |       |       |    23 |       |       |       |       |       |       ||    23
       Leather armour    |       |       |    15 |   101 |   201 |       |       |       |       ||   317
       Plate armour      |       |       |       |       |   111 |   471 |   355 |   325 |   452 ||  1714
       Skin              |       |       |       |       |       |     1 |       |       |       ||     1
Dodge: Dodged            |    35 |    55 |    58 |    99 |   199 |   397 |   329 |   383 |   587 ||  2142
Block: Buckler           |    11 |    23 |    38 |    67 |    50 |       |       |       |       ||   189
       Kite shield       |       |       |       |       |   599 |  1396 |   806 |   934 |  1096 ||  4831
       Reflection        |       |       |       |       |    46 |   163 |    50 |    83 |    23 ||   365
